 Dungeon Crawl Stone Soup version 0.30-a0-782-ge64f9170bb (webtiles) character file.

Game seed: 9569150868226251857

18 theswoord the Shooter (level 2, -10/16 HPs)
             Began as a Deep Elf Hunter on Mar 14, 2023.
             Mangled by a goblin
             ... wielding a +0 dagger of electrocution
             ... led by Robin
              (20 damage)
             ... on level 1 of the Dungeon.
             The game lasted 00:01:23 (597 turns).

theswoord the Shooter (Deep Elf Hunter)              Turns: 597, Time: 00:01:24

Health: -10/16     AC:  7    Str:  8    XL:     2   Next: 51%
Magic:  4/4        EV:  8    Int: 13    God:
Gold:   60         SH:  0    Dex: 18    Spells: 1/1 levels left

rFire   . . .      SeeInvis .    a - +0 shortbow
rCold   . . .      Faith    .    (shield currently unavailable)
rNeg    . . .      Spirit   .    f - +0 scale mail
rPois   .          Reflect  .    (no helmet)
rElec   .          Harm     .    e - +0 cloak
rCorr   .          Rampage  .    (no gloves)
Will    .....                    (no boots)
Stlth   +                        (no amulet)
HPRegen 0.22/turn                (no ring)
MPRegen 0.09/turn                (no ring)

@: no status effects
A: no striking features
a: no special abilities


You were on level 1 of the Dungeon.
You visited 1 branch of the dungeon, and saw 2 of its levels.

You collected 60 gold pieces.

Inventory:

Hand Weapons
 a - a +0 shortbow (weapon)
Armour
 c - a +0 leather armour
 e - a +0 cloak (worn)
 f - a +0 scale mail (worn)
Scrolls
 b - 2 scrolls of immolation
 h - 3 scrolls of noise {unknown}
Potions
 d - a potion of lignification {unknown}
 g - a potion of cancellation {unknown}


   Skills:
 - Level 1.5 Fighting
 + Level 6.3 Ranged Weapons
 - Level 2.4 Dodging
 - Level 1.2 Stealth


You had one spell level left.
You didn't know any spells.
Your spell library contained the following spells:

 Spells                   Type           Power      Damage    Failure   Level
 Cigotuvi's Dreadful Rot  Necr/Pois/Air  0%         N/A       99%         2
 Dispel Undead            Necr           0%         3d6       100%        4
 Death Channel            Necr           0%         N/A       100%        6


Dungeon Overview and Level Annotations

Branches:
Dungeon (2/15)

Altars:

Annotations:
D:2 Robin


Message History

You kill the goblin!
You hear a shout!
A goblin comes into view.
It is wielding a +0 dagger of electrocution.
Robin of the Strong Arm comes into view.
They are wielding a +0 mace and carrying a wand of polymorph (5).
A goblin comes into view. It is wielding a +0 dagger.
A kobold comes into view. It is wielding a +0 short sword.
You hear a shout! x2
The kobold throws a stone.
The stone barely misses you.
Robin's horned helmet rattles.
Robin throws the goblin at you! The goblin attacks as you move away!
The goblin closely misses you. The goblin hits you but does no damage.
The goblin throws a stone.
The stone closely misses you.
You shoot an arrow. The arrow closely misses the goblin.
The arrow completely misses the goblin.
The goblin barely misses you.
Robin roars a battlecry!
The goblins go into a battle-frenzy!
There is a stone staircase leading up here.
You shoot an arrow. The arrow barely misses the goblin.
The goblin barely misses you.
The goblin hits you but does no damage. x2
The goblin barely misses you. The goblin closely misses you.
You climb upwards.
There is a stone staircase leading down here.
You shoot an arrow. The arrow hits the goblin.
The goblin hits you but does no damage. The goblin hits you with a +0 dagger.
You shoot an arrow. The arrow barely misses the goblin.
The goblin hits you but does no damage. x2; The goblin barely misses you.
The goblin hits you with a +0 dagger.
You shoot an arrow. The arrow hits the goblin!
You kill the goblin!
The goblin barely misses you.
You shoot an arrow. The arrow hits the goblin.
The goblin hits you but does no damage.
The goblin hits you with a +0 dagger of electrocution.
You shoot an arrow. The arrow barely misses the goblin.
The goblin hits you but does no damage.
You are electrocuted!!
Ouch! That really hurt!
You die...

#...## ##.8..#
########...⌠.# ###
#.........8..# #..
######.....###...## #.#
#........[.# ##### #..
#.####.....###############..
#.####.##().......##........
#.#........@................
#.#.###.#...g..........#....
#.......#............#+#.###
###(#####..........#........
###.#####.................#.
#.........####'...........#.
#.....##### #'.....###+###.
#.....#...## ##.....+.......
###.#......# #.....#######.


You could see a goblin (strong).

Vanquished Creatures
  A ball python (D:1)
  4 endoplasms (D:1)
  A giant cockroach (D:1)
  2 quokkas (D:1)
  2 bats (D:1)
  4 goblins
  3 kobolds (D:1)
17 creatures vanquished.

Notes
Turn   | Place    | Note
-------+----------+-------------------------------------------
     0 | D:1      | theswoord the Deep Elf Hunter began the quest for the Orb.
     0 | D:1      | Reached XP level 1. HP: 12/12 MP: 3/3
   229 | D:1      | Reached XP level 2. HP: 16/16 MP: 4/4
   262 | D:1      | Reached skill level 6 in Ranged Weapons
   577 | D:2      | Noticed Robin
   597 | D:1      | Mangled by a goblin

Skill      XL: |  1  2 |
---------------+-------+-----
Ranged Weapons | 6 |  6.3
Fighting       | |  1.5
Dodging        | |  2.4
Stealth        | |  1.2

Action                     || total
---------------------------++-------
   Fire: Shortbow          ||    49
 Armour: Scale mail        ||    20
  Dodge: Dodged            ||    23

Levels and vault maps discovered:
D:1:      minmay_arrival_shoal_huts, layout_basic, hangedman_feature_mirror,
          dk_noncrumbling_4
D:2:      layout_basic, uniq_sigmund, uniq_robin
